 Dungeon Crawl Stone Soup version 0.29.1-12-g30fa7ad0bf (webtiles) character file.

Game seed: 16380033518885397413

12 nightchill the Shield-Bearer (level 2, 24/24 HPs)
             Began as a Formicid Fighter on Dec 21, 2022.
             Quit the game on level 1 of the Dungeon.
             The game lasted 00:01:50 (245 turns).

nightchill the Shield-Bearer (Formicid Fighter)      Turns: 245, Time: 00:01:51

Health: 24/24      AC:  6    Str: 20    XL:     2   Next: 45%
Magic:  2/2        EV:  9    Int:  7    God:
Gold:   24         SH:  5    Dex: 13    Spells: 1/1 levels left

rFire   . . .      SeeInvis +   a - +0 long sword
rCold   . . .      Faith    .   c - +0 buckler
rNeg    . . .      Spirit   .   b - +0 scale mail
rPois   .          Reflect  .   (helmet unavailable)
rElec   .          Harm     .   (no cloak)
rCorr   .          Rampage  .   (no gloves)
Will    .....                   (no boots)
Stlth   ..........              (no amulet)
HPRegen 0.08/turn               (no ring)
MPRegen 0.08/turn               (no ring)

@: no status effects
A: permanent stasis, dig shafts and tunnels, antennae 3, four strong arms
a: Dig, Shaft Self


You were on level 1 of the Dungeon.
You visited 1 branch of the dungeon, and saw 1 of its levels.

You collected 24 gold pieces.

Inventory:

Hand Weapons
 a - a +0 long sword (weapon)
Armour
 b - a +0 scale mail (worn)
 c - a +0 buckler (worn)
Scrolls
 e - a scroll of enchant weapon {unknown}
Potions
 d - a potion of might
 f - a potion of degeneration {unknown}
 g - a potion of heal wounds {unknown}
 h - a potion of curing {unknown}


   Skills:
 + Level 3.5 Fighting
 * Level 2.6 Long Blades
 - Level 3.2 Armour
 - Level 4.0 Shields


You had one spell level left.
You didn't know any spells.
Your spell library was empty.

Dungeon Overview and Level Annotations

Branches:
Dungeon (1/15)

Altars:


Innate Abilities, Weirdness & Mutations

You cannot be hasted, slowed, berserked, paralysed or teleported.
You can dig through walls and to a lower floor.
You have a pair of large antennae on your head. (SInv)
Your four strong arms can wield two-handed weapons with a shield.


Message History

The frilled lizard misses you.
The frilled lizard hisses.
You slash the frilled lizard!
You kill the frilled lizard!
You closely miss the frilled lizard. The frilled lizard bites you.
You barely miss the frilled lizard.
The frilled lizard completely misses you.
The frilled lizard barely misses you.
You closely miss the frilled lizard. The frilled lizard barely misses you.
You slash the frilled lizard!
You kill the frilled lizard!
No target in view!
Found a stone staircase leading down.
h - a yellow potion You sense a monster nearby.
You sense a monster nearby.
No target in view!
No target in view!
A bat and a giant cockroach come into view.
The bat barely misses you.
There are monsters nearby!
You block the bat's attack.
You miss the bat. The bat closely misses you.
The bat hits you but does no damage.
You miss the bat. The bat hits you but does no damage. x2
You hit the bat but do no damage. The bat hits you but does no damage.
The bat misses you. The bat closely misses you.
You miss the bat. The bat hits you but does no damage.
The bat barely misses you. You block the bat's attack.
You hit the bat.
You kill the bat!
The giant cockroach bites you.
You hit the giant cockroach.
You kill the giant cockroach!
No target in view!
No target in view!
Things that are here:
a giant cockroach corpse; a bat corpse You sense a monster nearby.
Are you sure you want to abandon this character and quit the game? (Confirm with "yes".)

#.#.########.#.#####.###.#
#.#.# #.#......#†....
..#.# #......##.###.> #.#
#####.###.#.>.##.# #.#
#.....# #........# {
#.###.###.#...#..#
###.###.............
#####.......##''##.##..#
.......@...##8..8### ..#
.####.....####..### .#
........##<'..+.# #
...##.....####..### ..
###.####8....8# # #.#
###..### ... #÷+..+÷# #..
###..### #8....8#


There were no monsters in sight!

Vanquished Creatures
  2 ball pythons (D:1)
  An endoplasm (D:1)
  A giant cockroach (D:1)
  A goblin (D:1)
  A hobgoblin (D:1)
  2 bats (D:1)
  2 frilled lizards (D:1)
  2 rats (D:1)
12 creatures vanquished.

Notes
Turn   | Place    | Note
-------+----------+-------------------------------------------
     0 | D:1      | nightchill the Formicid Fighter began the quest for the
                  | Orb.
     0 | D:1      | Reached XP level 1. HP: 18/18 MP: 1/1
    60 | D:1      | Reached XP level 2. HP: 24/24 MP: 2/2
   245 | D:1      | Quit the game

Illustrated notes

Levels and vault maps discovered:
D:1:      wander_arrival_abandoned_jail, layout_loops_ring, serial_park_tiny_2,
          minmay_door_square, minmay_cut_off

Action                   || total
-------------------------++-------
Melee: Long sword        ||    29
Armor: Scale mail        ||     8
Dodge: Dodged            ||    17
Block: Buckler           ||     5
